 Dungeon Crawl Stone Soup version 0.26-a0-284-g73c0fb6129 (webtiles) character file.

Game seed: 17126525253099548225

3402 Niddhogr the Tainter (level 10, -2/63 HPs)
             Began as a Formicid Venom Mage on July 13, 2020.
             Was an Initiate of Gozag.
             Killed by an exploding fulminant prism (24 damage)
             ... created by the player character
             ... on level 8 of the Dungeon.
             The game lasted 00:29:19 (9693 turns).

Niddhogr the Tainter (Formicid Venom Mage)          Turns: 9693, Time: 00:29:20

Health: -2/63      AC:  3    Str: 13    XL:     10   Next: 24%
Magic:  7/19       EV: 12    Int: 18    God:    Gozag
Gold:   734        SH:  0    Dex: 13    Spells: 1/21 levels left

rFire    + . .     SeeInvis +   y - +0 trident
rCold    + . .     Faith    .   (no shield)
rNeg     . . .     Spirit   .   a - +0 robe
rPois    +         Reflect  .   (helmet unavailable)
rElec    .         Harm     .   n - scarf {rC+ rF+}
rCorr    .                      (no gloves)
MR       +....                  h - +0 pair of boots
Stlth    ++........             (no amulet)
HPRegen  0.20/turn              P - ring of poison resistance
MPRegen  0.16/turn              (no ring)

@: no status effects
A: permanent stasis, dig shafts and tunnels, four strong arms, antennae 3, agile
1
a: Dig, Shaft Self, Potion Petition, Call Merchant, Bribe Branch, Renounce
Religion


You were on level 8 of the Dungeon.
You worshipped Gozag.
Gozag was pleased with you.
You visited 2 branches of the dungeon, and saw 10 of its levels.

You collected 834 gold pieces.
You paid 100 gold pieces to Gozag.

Inventory:

Hand Weapons
 b - a +3 dagger of distortion {!w}
 c - a +1 dire flail of draining
 p - a +0 halberd
 y - a +0 trident (weapon)
Missiles
 Q - 97 arrows
Armour
 a - a +0 robe (worn)
 h - a +0 pair of boots (worn)
 n - a scarf of resistance (worn)
 r - a +1 ring mail of cold resistance
Jewellery
 P - a ring of poison resistance (left hand)
Wands
 s - a wand of enslavement (10)
 t - a wand of flame (15)
 w - a wand of acid (7)
Scrolls
 e - 2 scrolls of fear
 j - 5 scrolls of magic mapping {!r}
 k - 3 scrolls of enchant armour
 l - a scroll of noise {!r}
 o - 2 scrolls of immolation {!r}
 q - 3 scrolls of remove curse
 u - a scroll of random uselessness {unknown}
Potions
 d - 2 potions of curing
 f - a potion of flight
 g - a potion of mutation {!q}
 m - 4 potions of stabbing
 v - a potion of magic {unknown}
 x - 2 potions of heal wounds


   Skills:
 + Level 7.6 Polearms
 - Level 1.7 Dodging
 - Level 2.4 Stealth
 - Level 6.2 Spellcasting
 * Level 3.6 Conjurations
 - Level 5.0 Hexes
 - Level 1.1 Transmutations
 - Level 2.1 Air Magic
 - Level 8.2 Poison Magic
 - Level 5.0 Evocations


You had one spell level left.
You knew the following spells:

 Your Spells              Type           Power        Failure   Level
a - Sting                 Tmut/Pois      ###.         1%          1
b - Poisonous Vapours     Pois/Air       ###...       1%          2
c - Ignite Poison         Fire/Tmut/Pois ###.....     10%         3
d - Olgreb's Toxic Radia  Pois           #####...     4%          4
e - Tukima's Dance        Hex            ###.....     4%          3
f - Fulminant Prism       Conj/Hex       ###.......   19%         4
x - Mephitic Cloud        Conj/Pois/Air  ###.....     4%          3

Your spell library contained the following spells:

 Spells                   Type           Power        Failure   Level
 Corona                   Hex            ###....      1%          1
 Magic Dart               Conj           ###.         2%          1
 Searing Ray              Conj           ###...       3%          2
 Confusing Touch          Hex            ###.....     4%          3
 Ensorcelled Hibernation  Hex/Ice        ##....       6%          2
 Dazzling Flash           Conj/Hex       ###...       6%          3
 Iskenderun's Mystic Bla  Conj/Tloc      ##......     50%         4
 Iskenderun's Battlesphe  Conj/Chrm      ##......     83%         5
 Bolt of Magma            Conj/Fire/Erth ##........   89%         5
 Iron Shot                Conj/Erth      ##........   100%        6
 Orb of Destruction       Conj           ###.......   100%        7
 Spellforged Servitor     Conj/Summ      ##........   100%        7


Dungeon Overview and Level Annotations

Branches:
Dungeon (9/15)             Temple (1/1) D:7
   Lair: D:8-11         Orc: D:9-12

Altars:
Ashenzari
Cheibriados
Dithmenos
Elyvilon
Fedhas
Gozag
Kikubaaqudgha
Makhleb
Nemelex Xobeh
Okawaru
Qazlal
Ru
Sif Muna
Trog
Uskayaw
Vehumet
Wu Jian
Xom
Yredelemnul
Zin
The Shining One


Innate Abilities, Weirdness & Mutations

You cannot be hasted, slowed, berserked, paralysed or teleported.
You can dig through walls and to a lower floor.
Your four strong arms can wield two-handed weapons with a shield.
You have a pair of large antennae on your head. (SInv)
You are agile. (Dex +2)


Message History

The goblin zombie closely misses you. The goblin zombie closely misses you.
Found a stone staircase leading down.
There is a stone staircase leading up here.
The jelly completely misses you.
You climb upwards.
There is a stone staircase leading down here.
There is a stone staircase leading up here.
You conjure a prism of explosive energy!
* * * LOW MAGIC WARNING * * *
A fulminant prism comes into view.
The jelly hits you.
* * * LOW HITPOINT WARNING * * *
You are splashed with acid!
* * * LOW HITPOINT WARNING * * *
You take 9 damage, and have 22/63 hp.
You now have 7/19 mp.
Your fulminant prism crackles loudly.
The blast of energy engulfs the jelly!
The blast of energy engulfs you!!
You die...
Your body crumbles into a pile of gold.

........#.#
#..#.###########.#.##
####....#.#
##.#.##.....####.#.##
#.......#.#
#.#..........##.....
#.#####.#.#
#....##...##.#......
#.# #.#.#
#....#.....#...#####
#.# #...#
#......._......# #.#
#.###
##...#.....#...#
#.#####.#
#...##...##...#
#.......#
#.@..........##
.....####
#.J##........# ####.#
#..###.....### #.#
#..# ####### #.# #..#
#.# #.<## ####.#
#...# .....# ##.>#
###### #..#


You could see a jelly.

Levels and vault maps discovered:
D:1:      heliophobic_arrival_ceremonial_halls, layout_loops_ring
D:2:      layout_rooms, yredelemnul_altar_generic,
          nicolae_overflow_crystal_walls
D:3:      layout_loops_ring
D:4:      layout_layer_cave
D:5:      layout_loops_ring, kennysheep_mini_moat, grunt_decor_arrowhead,
          uniq_edmund
D:6:      layout_cave_pools
D:7:      layout_layer_cave, lemuel_round_altar, grunt_temple_overflow_open,
          minmay_temple_entry_glassed_door, uniq_menkaure
D:8:      layout_loops_ring, okawaru_gym_becter, uniq_prince_ribbit1
D:9:      layout_cave_pools, zombieorc1_lemuel, basic_altar,
          ebering_ghost_inner_flame, led_sif_book
Temple:   eino_temple_scatter_basement

Notes
Turn   | Place    | Note
-------+----------+-------------------------------------------
     0 | D:1      | Niddhogr the Formicid Venom Mage began the quest for the
                  | Orb.
     0 | D:1      | Reached XP level 1. HP: 13/13 MP: 3/3
    25 | D:1      | Identified a +2 dagger of distortion (You found it on level
                  | 1 of the Dungeon)
    69 | D:1      | Reached XP level 2. HP: 19/19 MP: 5/5
   118 | D:1      | Identified a +0 dagger
   157 | D:1      | Identified a +0 short sword
   186 | D:1      | Reached skill level 5 in Poison Magic
   196 | D:1      | Learned a level 2 spell: Poisonous Vapours
   419 | D:1      | Identified a +0 club
   452 | D:1      | Reached XP level 3. HP: 21/24 MP: 6/6
   457 | D:1      | Learned a level 3 spell: Mephitic Cloud
   492 | D:1      | Identified a +0 pair of boots (You found it on level 1 of
                  | the Dungeon)
   502 | D:1      | Identified a ring of poison resistance (You found it on
                  | level 1 of the Dungeon)
   646 | D:1      | Identified a +0 dagger
   649 | D:1      | Identified a +0 club
   659 | D:1      | Reached skill level 1 in Air Magic
   843 | D:2      | Identified a +0 club
   863 | D:2      | Identified a cursed +0 dagger (You found it on level 2 of
                  | the Dungeon)
   864 | D:2      | Identified a scroll of enchant weapon
   865 | D:2      | Identified 2 scrolls of teleportation
   866 | D:2      | Identified a scroll of immolation
   867 | D:2      | Identified a scroll of identify
   867 | D:2      | Identified a scroll of magic mapping
   868 | D:2      | Identified a scroll of remove curse
   886 | D:2      | Identified a +0 whip
  1001 | D:2      | Identified a potion of flight
  1023 | D:2      | Reached XP level 4. HP: 30/30 MP: 4/7
  1057 | D:2      | Reached skill level 2 in Air Magic
  1121 | D:2      | Found a shimmering altar of Xom.
  1150 | D:2      | Identified a +0 club
  1290 | D:2      | Found a basalt altar of Yredelemnul.
  1308 | D:2      | Identified a +0 cloak (You found it on level 2 of the
                  | Dungeon)
  1469 | D:3      | Identified a +1 dagger of protection
  1515 | D:3      | Reached skill level 1 in Conjurations
  1535 | D:3      | Identified a +0 club
  1614 | D:3      | Reached XP level 5. HP: 35/35 MP: 5/8
  1691 | D:3      | Identified a cursed -3 club
  1793 | D:3      | Identified 2 scrolls of enchant armour
  1794 | D:3      | Identified 2 potions of stabbing
  1806 | D:3      | Identified a +0 club
  1879 | D:3      | Reached skill level 1 in Polearms
  1922 | D:3      | Identified a +0 halberd (You found it on level 3 of the
                  | Dungeon)
  1951 | D:3      | Gained mutation: You are agile. (Dex +2) [mutagenic glow]
  2037 | D:3      | Identified a cursed +0 spear (You found it on level 3 of
                  | the Dungeon)
  2129 | D:4      | Reached skill level 2 in Conjurations
  2482 | D:4      | Identified a potion of mutation
  2634 | D:4      | Reached skill level 3 in Spellcasting
  2634 | D:4      | Reached XP level 6. HP: 20/41 MP: 8/10
  2639 | D:4      | Learned a level 3 spell: Ignite Poison
  3331 | D:4      | Identified a potion of degeneration
  3375 | D:5      | Entered Level 5 of the Dungeon
  3425 | D:5      | Reached skill level 2 in Polearms
  3674 | D:5      | Identified a +1 dire flail of draining
  3674 | D:5      | Identified a +0 leather armour
  3674 | D:5      | Noticed Edmund
  3692 | D:5      | Killed Edmund
  3692 | D:5      | Reached skill level 4 in Spellcasting
  3692 | D:5      | Reached XP level 7. HP: 46/46 MP: 2/13
  3792 | D:5      | Identified a +0 short sword
  3792 | D:5      | Identified a +3 leather armour
  3814 | D:5      | Learned a level 4 spell: Olgreb's Toxic Radiance
  3856 | D:5      | Identified a +0 mace
  3856 | D:5      | Identified a +0 chain mail
  4006 | D:5      | Reached skill level 3 in Polearms
  4163 | D:5      | Reached skill level 6 in Poison Magic
  4265 | D:5      | HP: 10/46 [phantom (5)]
  4518 | D:5      | Identified a +0 giant club
  4523 | D:5      | Reached skill level 7 in Poison Magic
  4606 | D:5      | Identified 2 scrolls of fear
  4661 | D:5      | Found a stormy altar of Qazlal.
  4974 | D:6      | Identified a +0 hand axe
  4974 | D:6      | Identified a +0 ring mail
  5096 | D:6      | Identified a +0 flail
  5096 | D:6      | Identified a +0 ring mail
  5099 | D:6      | Reached XP level 8. HP: 52/52 MP: 9/14
  5101 | D:6      | Identified a +0 mace
  5101 | D:6      | Identified a +0 scale mail
  5103 | D:6      | Identified a +0 leather armour
  5104 | D:6      | Identified a cursed -1 hand axe
  5126 | D:6      | Identified a scarf of resistance (You found it on level 6
                  | of the Dungeon)
  5174 | D:6      | Identified a scroll of noise
  5175 | D:6      | Identified a potion of berserk rage
  5249 | D:6      | HP: 10/52 [bullfrog (8)]
  5250 | D:6      | Reached skill level 4 in Polearms
  5414 | D:6      | Reached skill level 8 in Poison Magic
  5677 | D:6      | Reached skill level 1 in Evocations
  5856 | D:6      | Identified a +0 club
  5856 | D:6      | Identified a cursed +0 leather armour
  5863 | D:6      | Identified a +0 leather armour
  5864 | D:6      | Identified a +0 flail
  5864 | D:6      | Identified a +0 plate armour
  5876 | D:6      | Reached skill level 2 in Evocations
  5989 | D:6      | Identified a scroll of blinking
  6011 | D:6      | Identified a potion of curing
  6017 | D:6      | Identified a +0 giant spiked club
  6021 | D:6      | Reached skill level 3 in Evocations
  6188 | D:6      | Identified a +0 giant club
  6191 | D:6      | Reached skill level 5 in Polearms
  6321 | D:7      | Identified a +0 trident
  6321 | D:7      | Identified a +0 chain mail
  6321 | D:7      | Identified a +0 leather armour
  6321 | D:7      | Identified a +0 antimagic dagger
  6321 | D:7      | Identified a +0 robe
  6324 | D:7      | Identified a +0 club
  6330 | D:7      | Reached skill level 4 in Evocations
  6330 | D:7      | Reached XP level 9. HP: 57/57 MP: 4/15
  6444 | D:7      | Reached skill level 5 in Evocations
  6449 | D:7      | Learned a level 3 spell: Tukima's Dance
  6531 | D:7      | Found a staircase to the Ecumenical Temple.
  6545 | Temple   | Entered the Ecumenical Temple
  6611 | Temple   | Became a worshipper of Gozag Ym Sagoz the Greedy
  6772 | D:7      | Identified a +0 hand axe
  6805 | D:7      | Noticed Menkaure
  6807 | D:7      | Killed Menkaure
  6807 | D:7      | Reached skill level 2 in Hexes
  6909 | D:7      | Found a glowing golden altar of the Shining One.
  7095 | D:7      | Identified a +0 flail
  7095 | D:7      | Identified a cursed +0 leather armour
  7095 | D:7      | Identified a +0 giant club
  7096 | D:7      | Identified a +0 mace
  7096 | D:7      | Identified a +0 falchion
  7096 | D:7      | Identified a +0 scale mail
  7098 | D:7      | Reached skill level 6 in Polearms
  7098 | D:7      | Reached skill level 3 in Hexes
  7098 | D:7      | Identified a +0 hand axe
  7098 | D:7      | Identified a cursed +0 leather armour
  7622 | D:7      | Found an iron altar of Okawaru.
  7622 | D:7      | Found a sparkling altar of Nemelex Xobeh.
  7880 | D:8      | Noticed Prince Ribbit
  7886 | D:8      | Killed Prince Ribbit
  7886 | D:8      | Reached skill level 4 in Hexes
  8028 | D:8      | Found an iron altar of Okawaru.
  8032 | D:8      | Identified a potion of heal wounds
  8133 | D:8      | Reached skill level 5 in Hexes
  8575 | D:9      | Identified a +0 robe
  8577 | D:9      | Identified a +0 dagger
  8577 | D:9      | Identified a +0 robe
  8578 | D:9      | Reached skill level 5 in Spellcasting
  8578 | D:9      | Identified a +0 mace
  8955 | D:9      | Reached skill level 7 in Polearms
  8963 | D:9      | Reached XP level 10. HP: 54/63 MP: 5/18
  9039 | D:9      | Identified a +0 dagger
  9049 | D:9      | Reached skill level 6 in Spellcasting
  9055 | D:9      | Learned a level 4 spell: Fulminant Prism
  9060 | D:9      | Identified a cursed -1 mace
  9060 | D:9      | Identified a cursed +0 scale mail
  9094 | D:9      | Identified a +0 mace
  9094 | D:9      | Identified a +0 shortbow
  9246 | D:9      | Identified a +0 dagger
  9246 | D:9      | Identified a +0 robe
  9258 | D:9      | Reached skill level 3 in Conjurations
  9388 | D:9      | Found an ornate altar of the Wu Jian Council.
  9598 | D:9      | Identified a +0 club
  9693 | D:8      | Killed by an exploding fulminant prism

Table legend:
 A = Turns spent in this place as a percentage of turns spent in the entire game.
 B = Non-inter-level travel turns spent in this place as a percentage of non-inter-level travel turns spent in the entire game.
 C = Inter-level travel turns spent in this place as a percentage of turns spent in this place.
 D = Turns resting spent in this place as a percentage of non-inter-level travel turns spent in this place.
 E = Turns spent auto-exploring this place as a percentage of non-inter-level travel turns spent in this place.
 F = Non-inter-level travel turns spent in this place divided by the number of levels of this place that you've seen.
                   A       B       C       D       E      F
               +-------+-------+-------+-------+-------+----------------------
         Total | 100.0 | 100.0 |   2.2 |   4.4 |  77.8 | 948.4
       Dungeon |  99.1 |  99.3 |   2.0 |   4.4 |  77.7 | 1046.2
        Temple |   0.9 |   0.7 |  19.0 |   0.0 |  85.3 |  68.0
               +-------+-------+-------+-------+-------+----------------------

Table legend:
 A = Kills in this place as a percentage of kills in entire the game.
 B = Kills by you in this place as a percentage of kills by you in the entire game.
 C = Kills by friends in this place as a percentage of kills by friends in the entire game.
 D = Other kills in this place as a percentage of other kills in the entire game.
 E = Experience gained in this place as a percentage of experience gained in the entire game.
 F = Experience gained in this place divided by the number of levels of this place that you have seen.
                   A       B       C       D       E      F
               +-------+-------+-------+-------+-------+----------------------
         Total | 100.0 | 100.0 |   N/A | 100.0 | 100.0 | 486.1
       Dungeon | 100.0 | 100.0 |   N/A | 100.0 | 100.0 | 540.1
               +-------+-------+-------+-------+-------+----------------------

Skill      XL: |  1  2  3  4  5  6  7  8  9 10 |
---------------+-------------------------------+-----
Poison Magic   | 5 7 8 |  8.2
Air Magic      | 1 2 |  2.1
Conjurations   | 1 2 3 |  3.6
Polearms       | 1 2 3 5 7 |  7.6
Spellcasting   | 3 4 5 6 |  6.2
Evocations     | 4 5 |  5.0
Hexes          | 5 |  5.0
Dodging        | |  1.7
Stealth        | |  2.4
Transmutations | |  1.1

Action                   |  1- 3 |  4- 6 |  7- 9 | 10-12 || total
-------------------------+-------+-------+-------+-------++-------
Melee: Dagger            |    57 |    59 |       |       ||   116
       Spear             |       |    64 |   142 |       ||   206
       Halberd           |       |     1 |       |       ||     1
       Trident           |       |       |   111 |    60 ||   171
 Cast: Poisonous Vapours |     1 |    18 |    36 |    17 ||    72
       Ignite Poison     |       |     1 |    20 |     4 ||    25
       Sting             |       |       |    21 |       ||    21
       Olgreb's Toxic Ra |       |       |    13 |       ||    13
       Fulminant Prism   |       |       |       |     5 ||     5
 Abil: Dig               |       |       |       |     1 ||     1
Evoke: Wand              |       |       |     5 |       ||     5
  Use: Scroll            |     6 |     4 |     7 |       ||    17
 Stab: Sleeping          |     2 |     9 |     3 |       ||    14
       Distracted        |       |       |       |     1 ||     1
Armor: Robe              |    16 |    27 |    31 |     4 ||    78
Dodge: Dodged            |    37 |    58 |   118 |    19 ||   232

Vanquished Creatures
  A hippogriff (D:9)
  Prince Ribbit (D:8)
  A wyvern (D:9)
  Menkaure (D:7)
  Edmund (D:5)
  2 phantoms
  2 orc warriors
  A black bear (D:9)
  4 ice beasts
  4 ogres
  A centaur (D:9)
  A bullfrog (D:6)
  4 scorpions
  A water moccasin skeleton (D:4)
  6 howler monkeys
  3 hounds
  3 orc priests
  A bullfrog skeleton (D:6)
  2 iguanas
  4 orc wizards
  3 worker ants
  3 ogre zombies (D:9)
  2 hound skeletons
  3 worker ant zombies
  A howler monkey zombie (D:5)
  14 adders
  4 white imps
  3 ufetubi
  2 oozes
  An adder zombie (D:7)
  2 adder skeletons (D:9)
  4 dart slugs
  5 leopard geckos
  19 orcs
  7 bats
  6 giant cockroaches
  7 goblins
  5 hobgoblins
  9 jackals
  5 quokkas
  2 ball pythons
  2 frilled lizards
  2 goblin skeletons (D:9)
  A goblin zombie (D:9)
  4 kobolds
  An orc skeleton (D:9)
  4 orc zombies (D:9)
  A quokka skeleton (D:4)
  6 rats
172 creatures vanquished.

Vanquished Creatures (others)
  A worm (D:3)
  A dart slug (D:2)
  A goblin (D:1)
  A jackal (D:3)
  A kobold (D:1)
  A frilled lizard (D:3)
  4 fulminant prisms (D:9)
10 creatures vanquished.

Grand Total: 182 creatures vanquished
